 Dungeon Crawl Stone Soup version 0.16-a0-791-gf1c67de (webtiles) character file.

1692 RobertPalmer the Basher (level 9, 0/76 HPs)
             Began as an Ogre Transmuter on Sept 28, 2014.
             Succumbed to poison (a potion of poison)
             ... on Level 6 of the Dungeon.
             The game lasted 00:21:58 (7219 turns).

RobertPalmer the Basher (Ogre Transmuter)           Turns: 7219, Time: 00:21:58

HP   0/76        AC  8     Str 17      XL: 9   Next:  2%
MP  12/15        EV 12     Int 23      God:
Gold 98          SH  0     Dex 12      Spells:  3 memorised,  6 levels left

rFire  + . .     SeeInvis .     a - +2 mace (protect)
rCold  + . .     Clarity  .     c - +0 robe
rNeg   + . .     rCorr    +     (shield restricted)
rPois  +         rRot     .     (helmet restricted)
rElec  +         Spirit   .     (no cloak)
SustAb .         Warding  +     (gloves unavailable)
rMut   .         Stasis   .     (boots unavailable)
Gourm  .                        l - amulet of warding
MR     .....                    o - +5 ring of intelligence
                                n - +2 ring of evasion

@: brilliant, lethally poisoned, resistant, very slightly contaminated, not
resistant to hostile enchantments, very unstealthy
A: unfitting armour, tough skin 1
a: no special abilities


You were on level 6 of the Dungeon.
You were not hungry.

You visited 1 branch of the dungeon, and saw 6 of its levels.

You collected 273 gold pieces.
You spent 175 gold pieces at shops.


Innate Abilities, Weirdness & Mutations

You are too large for most types of armour.
You have tough skin (AC +1).


   Skills:
 - Level 1.3 Fighting
 + Level 12.3 Maces & Flails
 - Level 1.7 Dodging
 - Level 2.6 Unarmed Combat
 - Level 2.4 Spellcasting
 - Level 4.2 Transmutations


You had 6 spell levels left.
You knew the following spells:

 Your Spells              Type           Power        Failure   Level  Hunger
x - Spider Form           Trmt/Pois      ####......   2%          3    ###....
z - Beastly Appendage     Trmt           #####.       1%          1    None
Z - Sticks to Snakes      Trmt           #####.....   1%          2    ##.....

Inventory:

Hand weapons
 a - a +2 mace of protection (weapon)
 A - a +1 mace of freezing
Missiles
 b - 9 arrows
 e - 11 arrows of frost
 v - 9 arrows of dispersal
Armour
 c - a +0 robe (worn)
 s - a +2 shield
Magical devices
 g - a wand of enslavement (15)
 x - a wand of frost (12)
 y - a wand of disintegration (2)
 C - a wand of cold (0)
Comestibles
 f - 3 beef jerkies
 k - 7 bread rations
 u - a meat ration
 w - 3 fruits
Scrolls
 j - 2 scrolls of amnesia
 m - a scroll of remove curse
 D - a scroll of fear {unknown}
Jewellery
 i - an uncursed ring of stealth
 l - an amulet of warding (around neck)
 n - a +2 ring of evasion (left hand)
 o - a +5 ring of intelligence (right hand)
 q - an uncursed ring of protection from fire
Potions
 t - a potion of poison {!q}
Books
 d - a book of Changes
 p - a book of the Dragon

Dungeon Overview and Level Annotations

Branches:
Dungeon (6/15)
 Temple: D:4-7

Altars:
Dithmenos
Elyvilon

Shops:
D:5 *   D:6 :

Annotations:
D:6 Dowan

##....# ###### ##....#
#####....#######.....#
#<[.......[..).).....##
#####.....#####.......#
####### ###.....#
#...### ##########..##
#@..........#
##...###....(# #...##
##....# ## ### #...#
##...# ##. #.# ##.##
##..# ##.. #.# #.#
#..###..# #.# ##.##
#####..## #.# #>..#
#..# #.# ##...# #..##


There were no monsters in sight!


Message History

* * * LOW HITPOINT WARNING * * *
You feel sick.
* * * LOW HITPOINT WARNING * * *
You feel sick.
* * * LOW HITPOINT WARNING * * *
You feel sick.
* * * LOW HITPOINT WARNING * * *
You feel sick.
* * * LOW HITPOINT WARNING * * *
You feel sick.
* * * LOW HITPOINT WARNING * * *
You feel sick.
There is a stone staircase leading down here.
Read which item? (? for menu, Esc to quit)
Okay, then.
Drink which item? (? for menu, Esc to quit)
Okay, then.
* * * LOW HITPOINT WARNING * * *
You feel sick.
* * * LOW HITPOINT WARNING * * *
You feel sick.
* * * LOW HITPOINT WARNING * * *
You feel sick.
* * * LOW HITPOINT WARNING * * *
You feel sick.
* * * LOW HITPOINT WARNING * * *
You feel sick.
* * * LOW HITPOINT WARNING * * *
You feel sick.
You die...

Action                   |  1- 3 |  4- 6 |  7- 9 || total
-------------------------+-------+-------+-------++-------
Melee: Club              |    22 |       |       ||    22
       Unarmed           |     6 |       |     8 ||    14
       Mace              |    82 |   141 |   162 ||   385
       Flail             |       |    41 |       ||    41
Throw: Throwing net      |       |     5 |     1 ||     6
 Cast: Beastly Appendage |    13 |    13 |    16 ||    42
       Sticks to Snakes  |     2 |     5 |    14 ||    21
       Spider Form       |       |       |     1 ||     1
Evoke: Wand              |       |     1 |    24 ||    25
  Use: Scroll            |       |     6 |     4 ||    10
       Potion            |       |     3 |     5 ||     8
 Stab: Held in net/web   |       |     3 |       ||     3
       Sleeping          |       |       |     1 ||     1
  Eat: Chunk             |     2 |     6 |     8 ||    16
       Meat ration       |       |     1 |       ||     1
       Pizza             |       |       |     1 ||     1

Vault maps used:
D:1:      dpeg_arrival_ternary, st_stairs_10
D:2:      uniq_sigmund
D:3:      wad_woods_stonehenge, nicolae_dithmenos_through_a_glass_darkly,
          minivault_19
D:4:      first_bread, uniq_menkaure
D:5:      serial_shops, shop
D:6:      serial_shops, nicolae_shop_crystal, hangedman_decor_growths,
          uniq_duvessa

Notes
Turn   | Place    | Note
--------------------------------------------------------------
     0 | D:1      | RobertPalmer, the Ogre Transmuter, began the quest for the Orb.
     0 | D:1      | Reached XP level 1. HP: 19/19 MP: 3/3
    90 | D:1      | Reached skill level 1 in Maces & Flails
   145 | D:1      | Reached XP level 2. HP: 19/27 MP: 5/5
   303 | D:1      | Reached skill level 2 in Maces & Flails
   489 | D:1      | Learned a level 2 spell: Sticks to Snakes
   602 | D:1      | Reached XP level 3. HP: 28/33 MP: 2/6
   603 | D:1      | Reached skill level 3 in Maces & Flails
  1611 | D:2      | Reached skill level 4 in Maces & Flails
  1630 | D:2      | Reached XP level 4. HP: 21/41 MP: 4/8
  1775 | D:2      | Noticed Sigmund
  2711 | D:2      | HP: 2/41 [something (9)]
  2713 | D:2      | Killed Sigmund
  2713 | D:2      | Reached skill level 6 in Maces & Flails
  2713 | D:2      | Reached XP level 5. HP: 2/48 MP: 9/9
  3073 | D:3      | Found a white marble altar of Elyvilon.
  3362 | D:3      | Found a shadowy altar of Dithmenos.
  3897 | D:3      | Reached skill level 7 in Maces & Flails
  4162 | D:4      | Reached XP level 6. HP: 55/55 MP: 11/11
  4253 | D:4      | Noticed Menkaure
  4288 | D:4      | Reached skill level 2 in Transmutations
  4458 | D:4      | Reached skill level 3 in Transmutations
  4717 | D:4      | Killed Menkaure
  4717 | D:4      | Reached XP level 7. HP: 54/62 MP: 12/12
  4854 | D:5      | Entered Level 5 of the Dungeon
  5018 | D:5      | Reached skill level 4 in Transmutations
  5734 | D:5      | Learned a level 3 spell: Spider Form
  5741 | D:5      | Found Mesku's Assorted Antiques.
  6048 | D:5      | Bought a scroll of remove curse for 75 gold pieces
  6048 | D:5      | Bought a crooked silver wand for 100 gold pieces
  6230 | D:6      | Reached skill level 8 in Maces & Flails
  6502 | D:6      | Reached skill level 9 in Maces & Flails
  6502 | D:6      | Reached XP level 8. HP: 55/70 MP: 12/14
  6578 | D:6      | Noticed Afay's ghost (experienced VSFi)
  6606 | D:6      | Killed Afay's ghost
  6606 | D:6      | Reached skill level 11 in Maces & Flails
  6702 | D:6      | Found Biamn's Book Emporium.
  7151 | D:6      | Noticed Duvessa
  7186 | D:6      | Reached skill level 12 in Maces & Flails
  7199 | D:6      | Noticed Dowan
  7199 | D:6      | Killed Duvessa
  7199 | D:6      | Reached XP level 9. HP: 33/76 MP: 9/15
  7204 | D:6      | Identified a potion of resistance
  7212 | D:6      | HP: 7/76 [poison (a potion of poison)]
  7215 | D:6      | HP: 3/76 [poison (a potion of poison)]
  7218 | D:6      | HP: 1/76 [poison (a potion of poison)]
  7219 | D:6      | Succumbed to poison (a potion of poison)

Vanquished Creatures
  The ghost of Afay the Hoplite, an experienced VSFi (D:6)
  Menkaure (D:4)
  A sky beast (D:6)
  A phantom (D:6)
  Sigmund (D:2)
  Duvessa (D:6)
  A giant frog (D:6)
  5 wights (D:6)
  A jelly (D:6)
  A crimson imp (D:6)
  An orc priest (D:4)
  5 hounds
  2 orc wizards (D:6)
  2 worker ants
  A big kobold skeleton (D:5)
  2 adders
  3 green rats (D:3)
  2 gnolls (D:5)
  2 shadow imps (D:5)
  2 giant mites
  2 worms
  2 giant geckos
  13 orcs
  3 ball pythons
  A bat zombie (D:6)
  11 goblins
  6 hobgoblins
  2 jackals (D:2)
  18 kobolds
  3 quokkas
  10 bats
  5 giant cockroaches
  6 giant newts
  A giant spore (D:6)
  A kobold skeleton (D:5)
  A kobold zombie (D:5)
  13 rats
134 creatures vanquished.

Vanquished Creatures (collateral kills)
  A giant frog (D:4)
  2 orc wizards
  An adder (D:1)
  A gnoll (D:5)
  An iguana zombie (D:6)
  A hobgoblin (D:4)
7 creatures vanquished.

Grand Total: 141 creatures vanquished
